AoeStats
← A D A P T

Black Forest

505544771Analyzed
3v3 RM · 21d ago on Sep 9, 2026· 37m 58s· 6 players
Game mode
Random Map
Map size
Normal (6 player)
Population
200
Speed
Normal
Resources
Standard
Victory
Conquest
Starting age
Dark Age
Ending age
Imperial Age
RankedLock teamsTeams togetherTeam positionsShared explorationLock speedFull tech treeHidden civsTurbo modeCheats
Victory
Defeat
🇨🇭 Malay · Switzerland
1225
+15
🇦🇺 Teutons · Australia
1174
+17
🇫🇷 Franks · France
1168
+17
🇨🇦 Lithuanians · Canada
1210
-17
🇨🇦 Poles · Canada
1191
-16
🇨🇦 Bohemians · Canada
1190
-16
ink55
1:29 Loom
13:56 Feudal Age
15:26 Double-Bit Axe
17:56 Fletching
24:45 Castle Age
22:30 Horse Collar
24:50 Bodkin Arrow
24:57 Squires
24:59 Crossbowman
27:37 Forging
30:04 Wheelbarrow
30:14 Padded Archer Armor
32:40 Ballistics
32:32 Scale Barding Armor
32:34 Thumb Ring
35:42 Hand Cart
37:29 Bow Saw
goenka
1:28 Loom
1:34 Loom
13:56 Feudal Age
14:44 Double-Bit Axe
18:36 Castle Age
17:19 Wheelbarrow
18:30 Gold Mining
18:52 Forging
18:47 Scale Barding Armor
19:36 Bow Saw
20:11 Husbandry
21:44 Hand Cart
25:47 Town Watch
30:10 Stone Mining
31:46 Gold Shaft Mining
31:48 Iron Casting
32:28 Chain Barding Armor
33:02 Town Patrol
36:38 Imperial Age
35:22 Caravan
35:53 Herbal Medicine
36:54 Scale Mail Armor
36:45 Cavalier
38:05 Plate Barding Armor
38:31 Blast Furnace
38:03 Fortified Wall
A D A P T
0:51 Loom
12:44 Feudal Age
16:50 Castle Age
15:00 Double-Bit Axe
16:32 Forging
17:57 Wheelbarrow
17:49 Bow Saw
26:40 Gold Mining
26:51 Fletching
29:13 Bloodlines
29:47 Scale Mail Armor
30:30 Bodkin Arrow
34:26 Imperial Age
34:41 Chain Mail Armor
35:12 Stone Mining
37:46 Crenellations
Camarade
2:28 Loom
15:32 Feudal Age
15:34 Man-at-Arms
16:05 Double-Bit Axe
21:53 Castle Age
21:07 Fletching
21:41 Gold Mining
32:38 Wheelbarrow
32:59 Redemption
Winston Smith
7:07 Loom
13:23 Feudal Age
14:00 Horse Collar
18:12 Castle Age
17:12 Double-Bit Axe
18:57 Stone Mining
20:42 Scale Mail Armor
20:52 Forging
24:21 Squires
25:31 Chain Mail Armor
29:33 Bow Saw
31:38 Wheelbarrow
34:21 Imperial Age
32:51 Iron Casting
32:32 Bloodlines
33:48 Szlachta Privileges
33:50 Husbandry
33:57 Scale Barding Armor
34:38 Hand Cart
36:17 Chain Barding Armor
36:24 Heavy Plow
36:25 Town Watch
GeneralGariepy
0:30 Loom
14:33 Feudal Age
15:31 Double-Bit Axe
18:21 Castle Age
23:20 Imperial Age
25:50 Chemistry
32:28 Scale Mail Armor
33:42 Block Printing
34:05 Bow Saw
35:48 Horse Collar
36:59 Squires
Connection lost

Rejoining the realm…

Still unreachable

The connection could not be restored.

Session expired

The server has moved on; the page needs a fresh start.